AoeStats
← 沒起房子我日

Arabia

509844482Analyzed
4v4 RM · 3d ago on Sep 28, 2026· 11m 1s· 8 players
Game mode
Random Map
Map size
Large (8 player)
Population
200
Speed
Normal
Resources
Standard
Victory
Conquest
Starting age
Dark Age
Ending age
Imperial Age
RankedLock teamsTeams togetherTeam positionsShared explorationLock speedFull tech treeHidden civsTurbo modeCheats
Victory
Defeat
🇯🇵 Armenians · Japan
1672
+12
🇻🇳 Vikings · Vietnam
1663
+12
🇨🇿 Goths · Czechia
1662
+12
1646
+13
🇺🇸 Maya · United States
1633
-15
🇭🇰 Koreans · Hong Kong SAR China
1615
-14
🇹🇼 Wei · Taiwan
1522
-10
🇷🇸 Portuguese · Serbia
1521
-10
Franczesco
3:01 Loom
Viet Nam Strategy
6:22 Loom
8:50 Feudal Age
9:19 Double-Bit Axe
种田人口才是基本盘
6:28 Loom
8:56 Feudal Age
9:25 Double-Bit Axe
9:43 Horse Collar
Kiyomizu-dera
6:31 Loom
9:48 Loom
11:44 Feudal Age
GirlWonder_
沒起房子我日
6:43 Loom
9:16 Feudal Age
9:45 Double-Bit Axe
10:03 Horse Collar
wajih9
mochichi4
Connection lost

Rejoining the realm…

Still unreachable

The connection could not be restored.

Session expired

The server has moved on; the page needs a fresh start.